 Dungeon Crawl Stone Soup version 0.22-a0-425-g89d60a1 (webtiles) character file.

4 Gorice the Caller (level 1, 0/15 HPs)
             Began as a Demonspawn Wanderer on May 24, 2018.
             Slain by a kobold
             ... wielding a +0 club
              (4 damage)
             ... on level 1 of the Dungeon.
             The game lasted 00:01:06 (184 turns).

Gorice the Caller (Demonspawn Wanderer)              Turns: 184, Time: 00:01:06

Health: 0/15       AC:  2    Str: 13    XL:     1   Next: 50%
Magic:  3/3        EV: 11    Int: 13    God:
Gold:   0          SH:  0    Dex: 11    Spells: 4/4 levels left

rFire    . . .     SeeInvis .   e - +0 club
rCold    . . .     Gourm    .   (no shield)
rNeg     . . .     Faith    .   d - +0 robe
rPois    .         Spirit   .   (no helmet)
rElec    .         Reflect  .   (no cloak)
rCorr    .         Harm     .   (no gloves)
MR       .....                  (no boots)
Stlth    +.........             (no amulet)
HPRegen  0.05/turn              (no ring)
MPRegen  0.08/turn              (no ring)

@: no status effects
A: no striking features
a: no special abilities


You were on level 1 of the Dungeon.
You were not hungry.

You visited 1 branch of the dungeon, and saw 1 of its levels.

Inventory:

Hand Weapons
 e - a +0 club (weapon)
Armour
 d - a +0 robe (worn)
Scrolls
 a - a scroll of fog {unknown}
 g - a scroll of teleportation {unknown}
Potions
 c - a potion of curing
Comestibles
 b - 4 chunks of flesh
 f - a ration


   Skills:
 * Level 1.1 Fighting
 - Level 2.0 Spellcasting
   Level 4.0 Summonings
   Level 2.1 Necromancy
   Level 2.0 Evocations


You had 4 spell levels left.
You didn't know any spells.
Your spell library contained the following spells:

 Spells                   Type           Power        Failure   Level  Hunger
 Magic Dart               Conj           #...         26%         1    ##.....
 Conjure Flame            Conj/Fire      #.......     58%         3    ####...
 Slow                     Hex            #.......     36%         2    ###....
 Mephitic Cloud           Conj/Pois/Air  #.......     58%         3    ####...
 Blink                    Tloc           N/A          36%         2    ###....
 Call Imp                 Summ           ##......     8%          2    ###....
 Passwall                 Tmut/Erth      #.........   36%         2    ###....
 Sticks to Snakes         Tmut           #.......     36%         2    ###....


Dungeon Overview and Level Annotations

Branches:
Dungeon (1/15)

Altars:


Message History

The dart slug is severely wounded.
The dart slug bites you.
Damage: 1 (max 1)
You hit the dart slug.
You kill the dart slug!
Your Fighting skill increases to level 1!
You see here a dart slug corpse.
You see here a dart slug corpse.
You butcher the dart slug corpse.
b - 2 chunks of flesh You see here a hobgoblin corpse.
You butcher the hobgoblin corpse.
b - 4 chunks of flesh (gained 2)
g - a scroll labeled BOAFIO OLOWED You start resting.
HP restored.
A rat and a kobold come into view.
The kobold shouts!
You barely miss the kobold. The kobold hits you with a club.
Damage: 4 (max 4)
You closely miss the kobold. The kobold hits you with a club.
Damage: 2 (max 4)
You barely miss the kobold. The kobold barely misses you.
The kobold hits you with a club.
* * * LOW HITPOINT WARNING * * *
Damage: 4 (max 4)
You are too injured to fight recklessly!
You are too injured to fight recklessly!
You hit the kobold but do no damage. The kobold hits you with a club.
* * * LOW HITPOINT WARNING * * *
Damage: 1 (max 4)
You hit the kobold.
The kobold is moderately wounded.
The kobold misses you.
You hit the kobold.
The kobold is severely wounded.
The kobold hits you but does no damage.
You barely miss the kobold.
The kobold is severely wounded.
The kobold closely misses you.
You barely miss the kobold.
The kobold is severely wounded.
The kobold hits you but does no damage.
You hit the kobold but do no damage.
The kobold is severely wounded.
The kobold hits you but does no damage. The kobold barely misses you.
You hit the kobold but do no damage.
The kobold is severely wounded.
The kobold hits you with a club.
You die...

#..........#
#......... #........
#......# ####......#
..........#
#........#r###
#........#K#
#........#@#
#........#.#
#........#.#
#........#.#
#........#.#
#........#.# .#
#........#.#######.#
##.#####.....#####.#
#.#...#.....#...#.#


You could see a kobold and a rat.

Vanquished Creatures
  A dart slug (D:1)
  A hobgoblin (D:1)
2 creatures vanquished.

Notes
Turn   | Place    | Note
-------+----------+-------------------------------------------
     0 | D:1      | Gorice the Demonspawn Wanderer began the quest for the Orb.
     0 | D:1      | Gorice set off with: a potion of curing, a +0 robe, a +0 club, a ration
     0 | D:1      | Reached XP level 1. HP: 13/13 MP: 3/3
    40 | D:1      | Reached skill level 1 in Fighting
   178 | D:1      | HP: 4/15 [kobold/club (2)]
   184 | D:1      | Slain by a kobold

Vault maps used:
D:1:      minmay_arrival_glassed_features

Skill      XL: |  1 |
---------------+----+-----
Fighting       | 1 |  1.1
Spellcasting   | |  2.0
Summonings     | |  4.0
Necromancy     | |  2.1
Evocations     | |  2.0

Action                   || total
-------------------------++-------
Melee: Club              ||    21
Armor: Robe              ||     3
Dodge: Dodged            ||    10

Table legend:
 A = Spawn XP
 B = Non-spawn XP
 C = Spawn XP percentage of total XP
 D = Spawn monster count
 E = Non-spawn monster count
 F = Spawn count percentage of total count
 G = Total turns spent on level
                    A         B        C        D         E        F      G
               +---------+---------+-------+---------+---------+-------+---------
         Total |       0 |       6 |   0.0 |       0 |       2 |   0.0 |   184
               +---------+---------+-------+---------+---------+-------+---------
           D:1 |       0 |       6 |   0.0 |       0 |       2 |   0.0 |   184
               +---------+---------+-------+---------+---------+-------+---------

Table legend:
 A = Turns spent in this place as a percentage of turns spent in the entire game.
 B = Non-inter-level travel turns spent in this place as a percentage of non-inter-level travel turns spent in the entire game.
 C = Inter-level travel turns spent in this place as a percentage of turns spent in this place.
 D = Turns resting spent in this place as a percentage of non-inter-level travel turns spent in this place.
 E = Turns spent auto-exploring this place as a percentage of non-inter-level travel turns spent in this place.
 F = Non-inter-level travel turns spent in this place divided by the number of levels of this place that you've seen.
                   A       B       C       D       E      F
               +-------+-------+-------+-------+-------+----------------------
         Total | 100.0 | 100.0 |   0.0 |  56.5 |   3.3 | 184.0
       Dungeon | 100.0 | 100.0 |   0.0 |  56.5 |   3.3 | 184.0
               +-------+-------+-------+-------+-------+----------------------

Vault maps used:
D:1:      minmay_arrival_glassed_features
